 Dungeon Crawl Stone Soup version 0.30-a0-50-gb2d611f6b1 (webtiles) character file.

Game seed: 2818607917968430371

60 ytrimaz the Trooper (level 3, 0/27 HPs)
             Began as a Demonspawn Berserker on Sept 4, 2022.
             Was a Believer of Trog.
             Succumbed to an adder's poison
             ... on level 2 of the Dungeon.
             The game lasted 00:03:28 (2217 turns).

ytrimaz the Trooper (Demonspawn Berserker)          Turns: 2217, Time: 00:03:29

Health: 0/27       AC:  2    Str: 16 (19) XL:     3   Next: 82%
Magic:  3/3        EV: 12    Int:  6 (8)  God:    Trog [**....]
Gold:   128        SH:  0    Dex: 11 (12) Spells: 2/2 levels left

rFire   . . .      SeeInvis +    a - +0 hand axe {axe}
rCold   + . .      Faith    +    (no shield)
rNeg    . . .      Spirit   .    b - +0 animal skin
rPois   .          Reflect  .    (no helmet)
rElec   .          Harm     .    (no cloak)
rCorr   .          Rampage  .    (no gloves)
Will    .....                    (no boots)
Stlth   +.........               d - amulet of faith {!P}
HPRegen 0.09/turn                h - ring of protection from cold
MPRegen 0.08/turn                (no ring)

@: mighty, lethally poisoned (0 -> -9)
A: hooves 1, see invisible, frail 1
a: Renounce Religion, Berserk, Trog's Hand


You were on level 2 of the Dungeon.
You worshipped Trog.
Trog was pleased with you.
You visited 1 branch of the dungeon, and saw 2 of its levels.

You collected 128 gold pieces.


Innate Abilities, Weirdness & Mutations

You have large cloven feet.
You have supernaturally acute eyesight. (SInv)
You are frail. (-10% HP)


   Skills:
 + Level 4.0 Fighting
 + Level 3.6 Axes
 - Level 1.7 Armour
 - Level 1.7 Dodging


You had 2 spell levels left.
You didn't know any spells.
Your spell library contained the following spells:

 Spells                   Type           Power      Damage    Failure   Level
 Gell's Gravitas          Tloc           0%         N/A       83%         3
 Teleport Other           Tloc           0%         N/A       83%         3
 Dispersal                Tloc           0%         N/A       100%        6

Inventory:

Hand Weapons
 a - a +0 hand axe (weapon) {axe}
Missiles
 c - 27 stones (quivered) {throwing}
Armour
 b - a +0 animal skin (worn)
Jewellery
 d - an amulet of faith (around neck) {!P}
   (You found it on level 2 of the Dungeon)
 h - a ring of protection from cold (left hand)
   (You found it on level 1 of the Dungeon)
Scrolls
 l - a scroll of vulnerability {unknown}
 m - a scroll of fear {unknown}
 n - 2 scrolls of enchant weapon {unknown}
Potions
 i - 2 potions of attraction {!q}
 j - a potion of haste {@q3}

Dungeon Overview and Level Annotations

Branches:
Dungeon (2/15) Zot: 9740

Altars:
Makhleb

.### ...# #........ ...###
#........ .....# #........
.....###### #........
###.......### #........
####.##.....## #........
..##.##...#..###S.......
#.##..#.<.##....@.......
#..##.....##...##.##....
##...#....###.....# .
###.#..............
#.....<###.#.....#
##......##.#......
##......##.........
####)......##..........
....)#...................##


You could see an adder.


Message History

The kobold misses you. 😕 HP[+1]
You closely miss the kobold. Your kick misses the kobold.
The kobold hits you but does no damage.
The kobold hits you with a +0 short sword. 😕 HP[-2]
You take 2 damage, and now have 24/27 hp.
You closely miss the kobold. You kick the kobold.
You kill the kobold!
Trog accepts your kill.
c - 27 stones {throwing} (gained 1)
You see here a +0 short sword {short}.
Unknown command.
No target in view!
No target in view!
Key pressed, stopping explore.
Unknown command. 😕 HP[+2]
You regained 2 hp, and now have 26/27 hp.
You enter the shallow water.
Moving in this stuff is going to be slow.
Key pressed, stopping explore.
Key pressed, stopping explore.
An endoplasm comes into view. 😎 HP[+1]
Your hp is fully restored (27).
An endoplasm is nearby!
An endoplasm is nearby!
An endoplasm is nearby!
An endoplasm is nearby!
An endoplasm is nearby!
An adder comes into view.
The adder hisses angrily.
The endoplasm quivers.
You hit the endoplasm. The endoplasm closely misses you.
You hit the endoplasm.
You kill the endoplasm!
Trog accepts your kill. The adder bites you.
The adder completely misses you. 😕 HP[-2]
You take 2 damage, and now have 25/27 hp.
You barely miss the adder. Your kick misses the adder.
The adder bites you but does no damage. The adder bites you.
You are poisoned.
The adder poisons you! 😕 HP[-1]
You take 1 damage, and now have 24/27 hp.
You completely miss the adder. Your kick misses the adder.
You feel sick.
The adder barely misses you. x2 😕 HP[-2]
You take 2 damage, and now have 22/27 hp.
You completely miss the adder. Your kick misses the adder.
You feel sick. The adder barely misses you. 😕 HP[-1]
You take 1 damage, and now have 21/27 hp.
Unknown command.
You closely miss the adder.
You feel sick. The adder bites you.
You are more poisoned.
The adder poisons you! The adder closely misses you. 😮 HP[-2]
You take 2 damage, and now have 19/27 hp.
You are too injured to fight recklessly!
Unknown command.
You closely miss the adder.
You feel sick. The adder bites you.
You are more poisoned.
The adder poisons you! 😮 HP[-4]
You take 4 damage, and now have 15/27 hp.
You closely miss the adder.
* * * LOW HITPOINT WARNING * * *
You feel very sick. The adder misses you.
The adder closely misses you. 😨 HP[-4]
You take 4 damage, and now have 11/27 hp.
You completely miss the adder.
* * * LOW HITPOINT WARNING * * *
You feel sick. The adder barely misses you. 😨 HP[-2]
You take 2 damage, and now have 9/27 hp.
Unknown command.
You barely miss the adder. Your kick misses the adder.
* * * LOW HITPOINT WARNING * * *
You feel sick. The adder bites you.
* * * LOW HITPOINT WARNING * * *
You are more poisoned.
The adder poisons you! The adder barely misses you. 😱 HP[-5]
You take 5 damage, and now have 4/27 hp.
It was a potion of degeneration.
There was something very wrong with that liquid.
You feel weakened.
You feel dopey.
You feel clumsy.
* * * LOW HITPOINT WARNING * * *
You feel sick. The adder barely misses you. 😱 HP[-2]
You take 2 damage, and now have 2/27 hp.
Unknown command.
It was a potion of might.
You feel very mighty all of a sudden.
You die...

Skill      XL: |  1  2  3 |
---------------+----------+-----
Axes           | 3 |  3.6
Fighting       | 4 |  4.0
Armour         | |  1.7
Dodging        | |  1.7

Action                   || total
-------------------------++-------
Melee: Hand axe          ||   120
       Kick              ||    13
       Punch             ||     1
  Use: Scroll            ||     4
       Potion            ||     3
 Stab: Sleeping          ||     1
Armor: Animal skin       ||    28
Dodge: Dodged            ||   116

Levels and vault maps discovered:
D:1:      minmay_arrival_up_and_down, layout_basic, minmay_misc_feat_pillars,
          minmay_ruptured
D:2:      layout_rooms, basic_altar, ebering_ecumenical_altar_petrified,
          chequers_mini_garden, chequers_serial_rivers_large_b

Notes
Turn   | Place    | Note
-------+----------+-------------------------------------------
     0 | D:1      | ytrimaz the Demonspawn Berserker began the quest for the
                  | Orb.
     0 | D:1      | Reached XP level 1. HP: 18/18 MP: 1/1
     0 | D:1      | magus.rc [v1.9.6]
    36 | D:1      | HP: 4/18 [constriction (1)]
    39 | D:1      | HP: 1/18 [ball python (3)]
   392 | D:1      | Reached skill level 3 in Axes
   392 | D:1      | You feel monstrous as your demonic heritage exerts itself.
   392 | D:1      | Discovered your monstrous ancestry.
   392 | D:1      | Gained mutation: You have large cloven feet. [demonic
                  | ancestry]
   392 | D:1      | Reached XP level 2. HP: 22/24 MP: 2/2
   940 | D:1      | Reached XP level 3. HP: 22/29 MP: 3/3
   942 | D:1      | Reached ** piety under Trog
  1386 | D:2      | Found a burning altar of Makhleb.
  1480 | D:2      | HP: 6/30 [hobgoblin (4)]
  1915 | D:2      | Gained mutation: You are frail. (-10% HP) [potion of
                  | mutation]
  1915 | D:2      | Gained mutation: You have supernaturally acute eyesight.
                  | (SInv) [potion of mutation]
  1992 | D:2      | Reached skill level 4 in Fighting
  1995 | D:2      | You add the spells Gell's Gravitas, Teleport Other and
                  | Dispersal to your library.
  2215 | D:2      | HP: 4/27 [adder (3)]
  2217 | D:2      | Succumbed to an adder's poison

Vanquished Creatures
  A dart slug (D:2)
  6 ball pythons
  4 bats
  10 endoplasms
  2 giant cockroaches (D:1)
  8 hobgoblins
  3 jackals (D:1)
  A quokka (D:2)
  4 frilled lizards
  4 goblins
  6 kobolds
  3 rats
52 creatures vanquished.

Table legend:
 A = Non-vault XP
 B = Vault XP
 C = Vault XP percentage of total XP
 D = Non-vault monster count
 E = Vault monster count
 F = Vault count percentage of total count
                 A         B        C        D         E       F
            +---------+---------+-------+---------+---------+-------
      Total |      83 |       4 |   4.6 |      50 |       2 |   3.8
            +---------+---------+-------+---------+---------+-------
        D:1 |      46 |       4 |   8.0 |      28 |       2 |   6.7
        D:2 |      37 |       0 |   0.0 |      22 |       0 |   0.0
            +---------+---------+-------+---------+---------+-------

Illustrated notes

Table legend:
 A = Kills in this place as a percentage of kills in entire the game.
 B = Kills by you in this place as a percentage of kills by you in the entire game.
 C = Kills by friends in this place as a percentage of kills by friends in the entire game.
 D = Other kills in this place as a percentage of other kills in the entire game.
 E = Experience gained in this place as a percentage of experience gained in the entire game.
 F = Experience gained in this place divided by the number of levels of this place that you have seen.
                   A       B       C       D       E      F
               +-------+-------+-------+-------+-------+----------------------
         Total | 100.0 | 100.0 |   N/A |   N/A | 100.0 |  43.5
       Dungeon | 100.0 | 100.0 |   N/A |   N/A | 100.0 |  43.5
               +-------+-------+-------+-------+-------+----------------------

Table legend: (Time is in decaauts)
 A = Elapsed time spent in this place.
 B = Non-inter-level travel time spent in this place.
 C = Inter-level travel time spent in this place.
 D = Time resting spent in this place.
 E = Time spent auto-exploring this place.
 F = Levels seen in this place.
 G = Mean time per level.
                   A        B        C        D        E       F      G
               +--------+--------+--------+--------+--------+-----+--------+
         Total |   2259 |   2231 |     28 |    141 |   1757 |   2 | 1129.5 |
       Dungeon |   2259 |   2231 |     28 |    141 |   1757 |   2 | 1129.5 |
               +--------+--------+--------+--------+--------+-----+--------+

Top non-repeatable levels by time:
     D:1: 1392 daAuts
     D:2: 867 daAuts
